 Dungeon Crawl Stone Soup version 0.17.1-1-g73c8601 (webtiles) character file.

7625 Andry07 the Carver (level 11, -6/65 HPs)
             Began as a Vine Stalker Fighter on Dec 25, 2015.
             Was a Follower of the Shining One.
             Mangled by a deep troll (14 damage)
             ... on level 10 of the Dungeon on Dec 26, 2015.
             The game lasted 00:30:54 (7378 turns).

Andry07 the Carver (Vine Stalker Fighter)           Turns: 7378, Time: 00:30:54

Health: -6/65      AC: 16    Str: 26    XL:     11   Next: 18%
Magic:  0/10       EV:  6    Int:  8    God:    the Shining One [*.....]
Gold:   387        SH:  9    Dex: 13    Spells: 0 memorised, 10 levels left

rFire  . . .     SeeInvis .     w - +2 scimitar (slice)
rCold  . . .     Clarity  +     O - +1 chain mail of the Cooper {Str+3 Slay+2}
rNeg   + . .     SustAt   .     c - +0 shield
rPois  .         Gourm    .     H - +0 helmet
rElec  .         Spirit   +     K - +0 cloak
rCorr  .         Warding  +     z - +0 pair of gloves
rMut   .         Stasis   .     N - +2 pair of boots
MR     +....                    j - amulet of warding
Stlth  ..........               (no ring)
                                D - +1 ring of evasion

@: glowing, somewhat resistant to hostile enchantments, extremely unstealthy
A: fangs 3, clarity, low mp 1, regeneration 2, magic shield, antimagic bite, no
device heal 3, rot immunity
a: Renounce Religion


You were on level 10 of the Dungeon.
You worshipped the Shining One.
The Shining One was aware of your devotion.
You were not hungry.

You visited 2 branches of the dungeon, and saw 12 of its levels.

You collected 387 gold pieces.

Inventory:

Hand Weapons
 w - a +2 scimitar of slicing (weapon)
Missiles
 y - 6 exploding tomahawks (quivered)
Armour
 c - a +0 shield (worn)
 z - a +0 pair of gloves (worn)
 H - a +0 helmet (worn)
 K - a +0 cloak (worn)
 N - a +2 pair of boots (worn)
 O - the +1 chain mail of the Cooper (worn) {Str+3 Slay+2}
   (You found it on level 8 of the Dungeon)

   It affects your strength (+3).
   It affects your accuracy and damage with ranged weapons and melee attacks
   (+2).
Jewellery
 j - an amulet of warding (around neck)
 D - a +1 ring of evasion (left hand)
Wands
 a - a wand of fireball (9)
 A - a wand of slowing (25)
 B - a wand of frost (27)
 P - a wand of flame (28)
Scrolls
 f - a scroll of noise {unknown}
 g - 5 scrolls of enchant armour
 h - a scroll of fear
 q - 4 scrolls of remove curse
 r - 2 scrolls of blinking {unknown}
 x - 4 scrolls of teleportation
 C - a scroll of enchant weapon {unknown}
 E - a scroll of immolation {unknown}
 G - a scroll of recharging {unknown}
 J - 2 scrolls of amnesia
 L - a scroll of fog {unknown}
 Q - a scroll of silence {unknown}
Potions
 b - 2 potions of poison {unknown}
 d - a potion of might
 i - 2 potions of magic {unknown}
 k - a potion of flight {unknown}
 n - 5 potions of cancellation
 o - 3 potions of lignification {unknown}
 p - 4 potions of brilliance
 t - a potion of agility {unknown}
 u - 5 potions of curing
 v - 2 potions of resistance {unknown}
 F - a potion of heal wounds {unknown}
Books
 I - a book of Frost

   Spells                             Type                      Level
   a - Freeze                         Ice                          1
   b - Throw Frost                    Conjuration/Ice              2
   c - Ozocubu's Armour               Charms/Ice                   3
   d - Throw Icicle                   Conjuration/Ice              4
   e - Summon Ice Beast               Ice/Summoning                4
   f - Condensation Shield            Ice                          4
Comestibles
 e - 7 bread rations
 l - 3 meat rations
 m - 2 beef jerkies
 s - 9 fruits
 M - a slice of pizza
 R - 3 chunks of flesh


   Skills:
 - Level 11.0 Fighting
 * Level 11.3 Long Blades
 - Level 2.4 Armour
 - Level 2.6 Shields


You had 10 spell levels left.
You didn't know any spells.

Dungeon Overview and Level Annotations

Branches:
Dungeon (11/15)            Temple (1/1) D:7
   Lair: D:8-11         Orc: D:9-12

Altars:
Ashenzari
Cheibriados
Dithmenos
Elyvilon
Fedhas
Gozag
Kikubaaqudgha
Makhleb
Nemelex Xobeh
Okawaru
Qazlal
Ru
Sif Muna
Trog
Vehumet
Xom
Yredelemnul
Zin
The Shining One

Annotations:
D:10 1 runed door


Innate Abilities, Weirdness & Mutations

You have razor-sharp teeth.
You heal very quickly.
When hurt, damage is shared between your health and your magic reserves.
Your bite disrupts and absorbs the magic of your enemies.
Potions and wands cannot restore your health.
You are immune to rotting.
You possess an exceptional clarity of mind.
Your magical capacity is low (-10% MP).


Message History

The deep troll is heavily wounded.
You block the deep troll's attack. The deep troll claws you!
The deep troll claws you but does no damage.
The electric eel shoots out a bolt of lightning at you!
The bolt of electricity hits you!
* * * LOW HITPOINT WARNING * * *
The electric eel shoots out a bolt of lightning at you!
The bolt of electricity hits you!
* * * LOW HITPOINT WARNING * * *
The electric eel shoots out a bolt of lightning at you!
The bolt of electricity hits you!
* * * LOW HITPOINT WARNING * * *
The electric eel shoots out a bolt of lightning at you!
The bolt of electricity hits you!
An electric eel comes into view.
The electric eel shoots out a bolt of lightning at you!
The bolt of electricity hits you!
* * * LOW HITPOINT WARNING * * *
The deep troll bites you!
You die...

..≈≈≈≈≈≈≈≈≈≈.≈≈≈≈≈≈≈≈≈≈≈
≈≈≈≈≈≈≈≈≈≈≈≈.≈####≈≈≈≈≈≈
≈≈≈≈≈≈≈####;.;#..#≈≈≈≈≈≈
;≈≈≈≈≈≈ +...†..#≈≈≈≈≈≈
≈≈≈≈≈≈≈ #≈.≈####≈≈≈≈≈≈
≈≈≈≈≈≈≈####≈.≈≈≈≈≈≈≈≈≈≈≈
≈≈≈≈≈≈≈≈≈≈≈≈.≈≈≈≈≈≈≈≈≈≈≈
..........T.........
.......@T...........
....................
....................
#####..#.###..######
....... .....
.##############


You could see a deep troll, a troll and an electric eel.

Vanquished Creatures
  Harold (D:10)
  Joseph (D:8)
  2 trolls (D:10)
  A deep elf mage (D:10)
  A wyvern (D:9)
  12 yaks
  A hungry ghost (D:10)
  2 hippogriffs (D:9)
  Menkaure (D:6)
  A water moccasin (D:9)
  3 orc warriors
  4 ogres
  An eye of draining (D:9)
  A sky beast (D:7)
  2 phantoms
  5 centaurs
  A wyvern zombie (D:6)
  4 giant frogs
  3 killer bees
  4 scorpions
  A water moccasin skeleton (D:9)
  3 jellies
  3 crimson imps
  2 giant frog zombies (D:5)
  A quasit (D:9)
  2 giant frog skeletons
  7 hounds
  3 iguanas
  6 orc priests
  4 orc wizards
  8 worker ants
  2 hound skeletons
  A hound zombie (D:5)
  9 gnolls (D:5)
  7 adders
  4 shadow imps
  7 oozes
  2 adder skeletons
  2 worms
  3 giant geckos
  28 orcs
  12 giant cockroaches
  6 goblins
  7 hobgoblins
  14 jackals
  3 quokkas
  A ball python (D:1)
  6 bats
  4 giant newts
  4 kobolds
  A quokka skeleton (D:7)
  8 rats
222 creatures vanquished.

Vanquished Creatures (others)
  An orc (D:10)
1 creature vanquished.

Grand Total: 223 creatures vanquished

Notes
Turn   | Place    | Note
--------------------------------------------------------------
     0 | D:1      | Andry07 the Vine Stalker Fighter began the quest for the Orb.
     0 | D:1      | Reached XP level 1. HP: 11/11 MP: 2/2
     1 | D:1      | Found a runed door.
    24 | D:1      | Reached XP level 2. HP: 10/16 MP: 3/3
    46 | D:1      | Reached skill level 3 in Long Blades
    46 | D:1      | Reached XP level 3. HP: 19/19 MP: 4/4
   556 | D:2      | Reached XP level 4. HP: 23/23 MP: 5/5
  1043 | D:3      | Reached skill level 4 in Long Blades
  1385 | D:5      | Entered Level 5 of the Dungeon
  1427 | D:4      | Reached XP level 5. HP: 16/27 MP: 3/6
  1462 | D:4      | Reached skill level 5 in Long Blades
  1510 | D:4      | Found a radiant altar of Vehumet.
  1511 | D:4      | Found a shattered altar of Ashenzari.
  1642 | D:4      | Found a white marble altar of Elyvilon.
  1718 | D:4      | Found a stormy altar of Qazlal.
  1718 | D:4      | Found a basalt altar of Yredelemnul.
  1763 | D:4      | Found a snail-covered altar of Cheibriados.
  1834 | D:4      | Found a radiant altar of Vehumet.
  1919 | D:4      | Gained mutation: You heal very quickly. [Vine Stalker growth]
  1919 | D:4      | Reached XP level 6. HP: 20/32 MP: 3/7
  2078 | D:5      | Reached skill level 6 in Long Blades
  2117 | D:5      | Found a shimmering altar of Xom.
  2231 | D:5      | Reached XP level 7. HP: 28/35 MP: 8/8
  2351 | D:5      | Found a sacrificial altar of Ru.
  2433 | D:5      | Reached skill level 7 in Long Blades
  2503 | D:5      | Noticed an ogre
  2507 | D:5      | Killed an ogre
  2507 | D:5      | Reached skill level 8 in Long Blades
  2565 | D:6      | Found a blossoming altar of Fedhas.
  2594 | D:5      | Found a shadowy altar of Dithmenos.
  2723 | D:6      | Gained mutation: You have razor-sharp teeth. [Vine Stalker growth]
  2723 | D:6      | Reached XP level 8. HP: 40/40 MP: 9/9
  2964 | D:6      | Noticed Menkaure
  2987 | D:6      | Killed Menkaure
  3240 | D:6      | Reached skill level 5 in Fighting
  3655 | D:7      | Gained mutation: You possess an exceptional clarity of mind. [mutagenic meat]
  3656 | D:7      | Gained mutation: Your magical capacity is low (-10% MP). [mutagenic meat]
  3828 | D:7      | Reached XP level 9. HP: 46/50 MP: 9/9
  3840 | D:7      | Found a staircase to the Ecumenical Temple.
  3846 | Temple   | Entered the Ecumenical Temple
  3963 | Temple   | Became a worshipper of the Shining One
  4024 | D:7      | Found a basalt altar of Yredelemnul.
  4109 | D:7      | HP: 1/52 [yak (9)]
  4206 | D:6      | Reached skill level 9 in Fighting
  4453 | D:7      | Found a burning altar of Makhleb.
  4453 | D:7      | Found an opulent altar of Gozag.
  4691 | D:7      | Reached skill level 10 in Fighting
  5012 | D:8      | Reached XP level 10. HP: 46/59 MP: 7/10
  5086 | D:8      | Got a faintly humming chain mail
  5097 | D:8      | Identified the cursed +1 chain mail of the Cooper {Str+3 Slay+2} (You found it on level 8 of the Dungeon)
  5229 | D:8      | Noticed Joseph
  5254 | D:8      | Killed Joseph
  5377 | D:8      | Reached * piety under the Shining One
  5382 | D:8      | Reached skill level 11 in Fighting
  5400 | D:8      | Found a deep blue altar of Sif Muna.
  5851 | D:9      | Noticed a four-headed hydra
  6145 | D:10     | Entered Level 10 of the Dungeon
  6931 | D:10     | Noticed Harold
  7206 | D:10     | Killed Harold
  7206 | D:10     | Reached skill level 10 in Long Blades
  7253 | D:10     | Reached XP level 11. HP: 54/65 MP: 9/10
  7344 | D:10     | Found a runed door.
  7348 | D:10     | Found a runed door.
  7355 | D:10     | Noticed a deep troll
  7378 | D:10     | Mangled by a deep troll

Action                   |  1- 3 |  4- 6 |  7- 9 | 10-12 || total
-------------------------+-------+-------+-------+-------++-------
Melee: Long sword        |    83 |   100 |       |       ||   183
       Scimitar          |       |    75 |   270 |   159 ||   504
  Use: Scroll            |       |       |       |     9 ||     9
 Stab: Invisible         |       |     1 |       |       ||     1
  Eat: Chunk             |       |     6 |    10 |     4 ||    20
       Bread ration      |       |       |       |     2 ||     2
